 Dungeon Crawl Stone Soup version 0.30-a0-989-g0d87f670db (webtiles) character file.

Game seed: 2266123724587960935

84 jtron the Ducker (level 4, -7/32 HPs)
             Began as a Gnoll Wanderer on Apr 3, 2023.
             Mangled by Crazy Yiuf
             ... wielding a +2 quarterstaff of chaos
              (9 damage)
             ... on level 2 of the Dungeon.
             The game lasted 00:08:18 (2199 turns).

jtron the Ducker (Gnoll Wanderer)                   Turns: 2199, Time: 00:08:18

Health: -7/32      AC:  5    Str: 10    XL:     4   Next: 45%
Magic:  3/8        EV: 14    Int: 11    God:
Gold:   89         SH:  0    Dex: 15    Spells: 5/9 levels left

rFire   . . .      SeeInvis .    a - +0 hand axe
rCold   . . .      Faith    .    (no shield)
rNeg    . . .      Spirit   .    d - +0 leather armour
rPois   .          Reflect  .    (no helmet)
rElec   .          Rampage  .    j - +0 cloak
rCorr   .                        (no gloves)
Will    .....                    i - +0 pair of boots
Stlth   ++                       (no amulet)
HPRegen 0.25/turn                (no ring)
MPRegen 0.11/turn                (no ring)

@: lethally poisoned (-7 -> -17), flying, very slightly contaminated, slowed,
very slow
A: fangs 1, strong nose, distributed training
a: no special abilities


You were on level 2 of the Dungeon.
You visited 1 branch of the dungeon, and saw 2 of its levels.

You collected 89 gold pieces.

Inventory:

Hand Weapons
 a - a +0 hand axe (weapon)
 g - a +0 dagger
Missiles
 b - 4 throwing nets
 c - 13 boomerangs (quivered)
 l - 4 poisoned darts
Armour
 d - a +0 leather armour (worn)
 i - a +0 pair of boots (worn)
 j - a +0 cloak (worn)
Wands
 m - a wand of iceblast (8)
Scrolls
 e - 2 scrolls of fog
 h - a scroll of noise
 p - 3 scrolls of blinking
Potions
 k - a potion of attraction {unknown}
 n - a potion of berserk rage {unknown}
 o - a potion of invisibility {unknown}


   Skills:
 + Level 1.2 Fighting
 + Level 1.2 Short Blades
 + Level 1.2 Long Blades
 + Level 1.2 Axes
 + Level 1.2 Maces & Flails
 + Level 1.2 Polearms
 + Level 1.2 Staves
 + Level 1.2 Ranged Weapons
 + Level 4.6 Throwing
 + Level 1.2 Armour
 + Level 6.6 Dodging
 + Level 2.6 Stealth
 + Level 1.2 Shields
 + Level 1.2 Unarmed Combat
 + Level 3.0 Spellcasting
 + Level 1.0 Conjurations
 + Level 1.0 Hexes
 + Level 5.5 Summonings
 + Level 1.0 Necromancy
 + Level 1.0 Translocations
 + Level 1.0 Transmutations
 + Level 1.0 Fire Magic
 + Level 1.0 Ice Magic
 + Level 1.0 Air Magic
 + Level 1.0 Earth Magic
 + Level 1.0 Poison Magic
 + Level 1.3 Invocations
 + Level 1.2 Evocations


You had 5 spell levels left.
You knew the following spells:

 Your Spells              Type           Power      Damage    Failure   Level
a - Summon Small Mammal   Summ           52%        N/A       3%          1
b - Summon Guardian Gole  Hex/Summ       8%         N/A       26%         3

Your spell library contained the following spells:

 Spells                   Type           Power      Damage    Failure   Level
 Gell's Gravitas          Tloc           3%         N/A       56%         3
 Teleport Other           Tloc           3%         N/A       56%         3
 Dispersal                Tloc           1%         N/A       100%        6


Dungeon Overview and Level Annotations

Branches:
Dungeon (2/15)

Altars:

Annotations:
D:2 Crazy Yiuf


Innate Abilities, Weirdness & Mutations

You have very sharp teeth.
Your uncanny sense of smell can sniff out nearby items.
Your experience applies equally to all skills.


Message History

Crazy Yiuf burns your guardian golem.
You swap places.
The nameless horror hits your guardian golem.
Crazy Yiuf closely misses you.
There is an open translucent door here.
Something hits your guardian golem but does no damage.
Crazy Yiuf hits you with a +2 quarterstaff of chaos!
You feel yourself slow down.
You hit Crazy Yiuf. Your bite misses Crazy Yiuf.
Crazy Yiuf is moderately wounded.
Crazy Yiuf hits you with a +2 quarterstaff of chaos.
Crazy Yiuf freezes you.
It was a potion of flight.
You feel very buoyant.
You fly up into the air.
The nameless horror hits your guardian golem but does no damage.
Crazy Yiuf whimpers, "Mugger horse mumblescurry!"
Crazy Yiuf barely misses you.
Send 'em back where they came from!
Your guardian golem shudders.
Crazy Yiuf hits you with a +2 quarterstaff of chaos.
You are poisoned.
You barely miss Crazy Yiuf.
Crazy Yiuf is moderately wounded.
You feel very sick.
The nameless horror hits your guardian golem but does no damage.
Crazy Yiuf completely misses you.
Send 'em back where they came from!
Your guardian golem shudders.
Crazy Yiuf hits you with a +2 quarterstaff of chaos.
* * * LOW HITPOINT WARNING * * *
You hit Crazy Yiuf but do no damage.
Crazy Yiuf is moderately wounded.
* * * LOW HITPOINT WARNING * * *
You feel sick.
The nameless horror barely misses your guardian golem.
Crazy Yiuf hits you with a +2 quarterstaff of chaos.
* * * LOW HITPOINT WARNING * * *
You are more poisoned.
The nameless horror hits your guardian golem but does no damage.
Crazy Yiuf hits you with a +2 quarterstaff of chaos!
You die...

.......#.#
♣....♣
#......)...
.........####
♣)..♣♣
####..#####
.)#######...#
♣♣.♣♣ ####..#
..# #.###
♣)♣♣ #.....#
#.# #.# ♣♣.♣
#>##.## #'##
#.# ♣.♣♣
#.##.# ..<##
#.### ♣♣X♣
#....# #
....## #.†.#
##9## #.####
## .....##
###.# #@g.#
#.#.## ##.
......####..#
#..)#
#....####..
......'.....#
#..)#
#.......+..
......####..#
#####
##...####..
.....## ##.#
##..# ##.
....## ###***
##.# ## ...##
*,* #.######
#'## *,*
#.##.... #.#
*,* #.##.###


You could see a nameless horror (ally target), Crazy Yiuf and a friendly
guardian golem (summoned).

Vanquished Creatures
  2 adders (D:2)
  A gnoll (D:2)
  A worm (D:2)
  2 endoplasms
  5 goblins
  2 hobgoblins (D:2)
  8 jackals
  2 quokkas (D:2)
  2 bats
  2 frilled lizards
  2 kobolds (D:2)
  3 rats
32 creatures vanquished.

Vanquished Creatures (collateral kills)
  A dart slug (D:2)
  An orc (D:2)
  2 ball pythons (D:1)
  A giant cockroach (D:1)
  3 hobgoblins (D:2)
  2 jackals
  A bat (D:1)
  A frilled lizard (D:2)
  2 kobolds
14 creatures vanquished.

Grand Total: 46 creatures vanquished

Notes
Turn   | Place    | Note
-------+----------+-------------------------------------------
     0 | D:1      | jtron the Gnoll Wanderer began the quest for the Orb.
     0 | D:1      | jtron set off with the following items: a +0 dagger, 4
                  | throwing nets, 7 boomerangs, a +0 leather armour, a scroll
                  | of fog; and the following spell memorised: Summon Small
                  | Mammal; and the following spells available to memorise:
                  | Summon Guardian Golem.
     0 | D:1      | Reached XP level 1. HP: 13/13 MP: 4/4
   373 | D:1      | Reached XP level 2. HP: 19/19 MP: 2/5
  1193 | D:2      | Reached XP level 3. HP: 18/25 MP: 2/7
  1204 | D:2      | Learned a level 3 spell: Summon Guardian Golem
  1322 | D:2      | Reached skill level 1 in Invocations
  1749 | D:2      | Reached skill level 1 in Fighting
  1749 | D:2      | Reached skill level 1 in Short Blades
  1749 | D:2      | Reached skill level 1 in Long Blades
  1749 | D:2      | Reached skill level 1 in Axes
  1749 | D:2      | Reached skill level 1 in Maces & Flails
  1749 | D:2      | Reached skill level 1 in Polearms
  1749 | D:2      | Reached skill level 1 in Staves
  1749 | D:2      | Reached skill level 1 in Ranged Weapons
  1749 | D:2      | Reached skill level 1 in Armour
  1749 | D:2      | Reached skill level 1 in Shields
  1749 | D:2      | Reached skill level 1 in Unarmed Combat
  1749 | D:2      | Reached skill level 1 in Evocations
  1885 | D:2      | Reached XP level 4. HP: 19/32 MP: 5/8
  2059 | D:2      | Reached skill level 1 in Conjurations
  2059 | D:2      | Reached skill level 1 in Hexes
  2059 | D:2      | Reached skill level 1 in Necromancy
  2059 | D:2      | Reached skill level 1 in Translocations
  2059 | D:2      | Reached skill level 1 in Transmutations
  2059 | D:2      | Reached skill level 1 in Fire Magic
  2059 | D:2      | Reached skill level 1 in Ice Magic
  2059 | D:2      | Reached skill level 1 in Air Magic
  2059 | D:2      | Reached skill level 1 in Earth Magic
  2059 | D:2      | Reached skill level 1 in Poison Magic
  2187 | D:2      | Found a runed translucent door.
  2188 | D:2      | Noticed Crazy Yiuf
  2192 | D:2      | Noticed a nameless horror
  2199 | D:2      | Mangled by Crazy Yiuf

Illustrated notes

Levels and vault maps discovered:
D:1:      lightli_molten_gateway, layout_loops_ring, minivault_25
D:2:      layout_loops_corners, minmay_hexomino_f4, uniq_crazy_yiuf_cottage

Skill      XL: |  1  2  3  4 |
---------------+-------------+-----
Invocations    | 1 |  1.3
Fighting       | 1 |  1.2
Short Blades   | 1 |  1.2
Long Blades    | 1 |  1.2
Axes           | 1 |  1.2
Maces & Flails | 1 |  1.2
Polearms       | 1 |  1.2
Staves         | 1 |  1.2
Ranged Weapons | 1 |  1.2
Armour         | 1 |  1.2
Shields        | 1 |  1.2
Unarmed Combat | 1 |  1.2
Evocations     | 1 |  1.2
Spellcasting   | 3 |  3.0
Conjurations   | 1 |  1.0
Hexes          | 1 |  1.0
Necromancy     | 1 |  1.0
Translocations | 1 |  1.0
Transmutations | 1 |  1.0
Fire Magic     | 1 |  1.0
Ice Magic      | 1 |  1.0
Air Magic      | 1 |  1.0
Earth Magic    | 1 |  1.0
Poison Magic   | 1 |  1.0
Throwing       | |  4.6
Dodging        | |  6.6
Stealth        | |  2.6
Summonings     | |  5.5

Action                     |  1- 3 |  4- 6 || total
---------------------------+-------+-------++-------
  Melee: Dagger            |    18 |       ||    18
         Hand axe          |    88 |    29 ||   117
         Bite              |    10 |     3 ||    13
         Punch             |     1 |       ||     1
  Throw: Boomerang         |     2 |     3 ||     5
   Cast: Summon Small Mamm |    44 |    10 ||    54
         Summon Guardian G |     1 |     2 ||     3
    Use: Scroll            |     5 |     1 ||     6
         Potion            |     1 |     2 ||     3
   Stab: Sleeping          |     3 |     3 ||     6
         Distracted        |     1 |       ||     1
 Armour: Leather armour    |    33 |     3 ||    36
  Dodge: Dodged            |   110 |    25 ||   135

Table legend: (Time is in decaauts)
 A = Elapsed time spent in this place.
 B = Non-inter-level travel time spent in this place.
 C = Inter-level travel time spent in this place.
 D = Time resting spent in this place.
 E = Time spent auto-exploring this place.
 F = Levels seen in this place.
 G = Mean time per level.
                   A        B        C        D        E       F      G
               +--------+--------+--------+--------+--------+-----+--------+
         Total |   2231 |   2169 |     62 |     61 |   1496 |   2 | 1115.5 |
       Dungeon |   2231 |   2169 |     62 |     61 |   1496 |   2 | 1115.5 |
               +--------+--------+--------+--------+--------+-----+--------+

Top non-repeatable levels by time:
     D:2: 1167 daAuts
     D:1: 1063 daAuts
